 Dungeon Crawl Stone Soup version 0.29-a0-333-gb4c28e87c6 (webtiles) character file.

Game seed: 1424405356616644948

9 Jortsu the Skirmisher (level 2, 15/24 HPs)
             Began as a Demonspawn Fighter on Apr 13, 2022.
             Quit the game on level 1 of the Dungeon.
             The game lasted 00:00:19 (198 turns).

Jortsu the Skirmisher (Demonspawn Fighter)           Turns: 198, Time: 00:00:20

Health: 15/24      AC:  6    Str: 16    XL:     2   Next: 3%
Magic:  2/2        EV:  8    Int:  9    God:
Gold:   0          SH:  4    Dex: 12    Spells: 1/1 levels left

rFire   . . .      SeeInvis .   a - +0 war axe
rCold   . . .      Faith    .   c - +0 buckler
rNeg    . . .      Spirit   .   b - +0 scale mail
rPois   .          Reflect  .   (no helmet)
rElec   .          Harm     .   (no cloak)
rCorr   .          Rampage  .   (no gloves)
Will    .....                   (no boots)
Stlth   ..........              (no amulet)
HPRegen 0.08/turn               (no ring)
MPRegen 0.16/turn               (no ring)

@: no status effects
A: magic regeneration
a: no special abilities


You were on level 1 of the Dungeon.
You visited 1 branch of the dungeon, and saw 1 of its levels.

Inventory:

Hand Weapons
 a - a +0 war axe (weapon)
Armour
 b - a +0 scale mail (worn)
 c - a +0 buckler (worn)
Scrolls
 e - a scroll of vulnerability {unknown}
 g - 3 scrolls of teleportation {unknown}
Potions
 d - a potion of might
 f - a potion of curing {unknown}


   Skills:
 + Level 3.1 Fighting
 + Level 1.8 Axes
 + Level 2.8 Armour
 + Level 0.1 Dodging
 + Level 2.9 Shields


You had one spell level left.
You didn't know any spells.
Your spell library was empty.

Dungeon Overview and Level Annotations

Branches:
Dungeon (1/15)

Altars:


Innate Abilities, Weirdness & Mutations

You regenerate magic rapidly.


Message History

You block the rat's attack. x2
You hit the rat but do no damage. You block the rat's attack.
You slash the rat!
You kill the rat!
The bat hits you but does no damage. You block the quokka's attack.
The hobgoblin hits you but does no damage.
You closely miss the quokka. You closely miss the hobgoblin.
The quokka bites you but does no damage.
The hobgoblin hits you.
You closely miss the quokka. You closely miss the hobgoblin.
You block the quokka's attack.
The hobgoblin hits you but does no damage.
The quokka completely misses you.
You hit the quokka but do no damage. You hit the hobgoblin.
The hobgoblin barely misses you.
The quokka bites you but does no damage.
The hobgoblin hits you but does no damage.
You block the quokka's attack.
You closely miss the quokka. You slash the hobgoblin!
You kill the hobgoblin!
The quokka barely misses you.
You barely miss the quokka. The quokka barely misses you.
You block the quokka's attack.
You barely miss the quokka. You block the quokka's attack.
The quokka bites you but does no damage.
You slash the quokka!
You kill the quokka!
The bat hits you but does no damage.
Found a shiny glass ring.
The bat barely misses you. x2
Things that are here:
a rat corpse; a ball python corpse You barely miss the bat.
The bat barely misses you. The bat hits you but does no damage.
The bat hits you but does no damage.
You slash the bat!
You kill the bat!
You have reached level 2!
Your demonic ancestry asserts itself...
Your magic begins to regenerate rapidly.
Are you sure you want to abandon this character and quit the game? (Confirm with "yes".)

......#.....
#.....#...#.## .
#.....#...#..###.#..
#........ ...= ...
#........###.###.#####
#.......#.............
........#.##..#.....#
.......@†.....#.....#
........#†.##.#.....#
........#..##.......# #
........#..###......# #
........#..# #......# ##
........######......# .
....................####
........................
.#######..##.####


There were no monsters in sight!

Vanquished Creatures
  A bat (D:1)
  An endoplasm (D:1)
  2 hobgoblins (D:1)
  A quokka (D:1)
  A ball python (D:1)
  2 rats (D:1)
8 creatures vanquished.

Notes
Turn   | Place    | Note
-------+----------+-------------------------------------------
     0 | D:1      | Jortsu the Demonspawn Fighter began the quest for the Orb.
     0 | D:1      | Reached XP level 1. HP: 18/18 MP: 1/1
   198 | D:1      | Gained mutation: You regenerate magic rapidly. [demonic
                  | ancestry]
   198 | D:1      | Reached XP level 2. HP: 15/24 MP: 2/2
   198 | D:1      | Quit the game

Illustrated notes

Levels and vault maps discovered:
D:1:      kilobyte_arrival_exit_the_forest, layout_basic,
          hellmonk_ecumenical_altar_slurped_away

Action                   || total
-------------------------++-------
Melee: War axe           ||    26
Armor: Scale mail        ||    20
Dodge: Dodged            ||    14
Block: Buckler           ||    11

Table legend: (Time is in decaauts)
 A = Elapsed time spent in this place.
 B = Non-inter-level travel time spent in this place.
 C = Inter-level travel time spent in this place.
 D = Time resting spent in this place.
 E = Time spent auto-exploring this place.
 F = Levels seen in this place.
 G = Mean time per level.
                   A        B        C        D        E       F      G
               +--------+--------+--------+--------+--------+-----+--------+
         Total |    211 |    211 |      0 |      0 |    148 |   1 |  211.0 |
       Dungeon |    211 |    211 |      0 |      0 |    148 |   1 |  211.0 |
               +--------+--------+--------+--------+--------+-----+--------+

Top non-repeatable levels by time:
     D:1: 211 daAuts
